 Dungeon Crawl Stone Soup version 0.21-a0-41-g5e91fef (webtiles) character file.

60 KristoblXynda the Sneak (level 3, 0/26 HPs)
             Began as a Draconian Enchanter on June 3, 2017.
             Succumbed to an adder's poison
             ... on level 2 of the Dungeon.
             The game lasted 00:02:59 (1498 turns).

KristoblXynda the Sneak (Draconian Enchanter)       Turns: 1498, Time: 00:03:00

Health: 0/26       AC:  5    Str: 10    XL:     3   Next: 80%
Magic:  6/6        EV: 12    Int: 16    God:
Gold:   54         SH:  0    Dex: 11    Spells: 2/7 levels left

rFire    . . .     SeeInvis .   l - +3 dagger (venom)
rCold    . . .     Gourm    .   (no shield)
rNeg     . . .     Faith    .   (armour unavailable)
rPois    .         Spirit   .   (helmet restricted)
rElec    .         Reflect  .   (no cloak)
rCorr    .         Harm     .   (no gloves)
MR       .....                  (no boots)
Stlth    ++........             (no amulet)
Regen    0.1/turn               (no ring)
MPRegen  0.1/turn               (no ring)

@: lethally poisoned (0 -> -4), flying
A: unfitting armour, cold-blooded, AC +5
a: no special abilities


You were on level 2 of the Dungeon.
You were not hungry.

You visited 1 branch of the dungeon, and saw 2 of its levels.

You collected 54 gold pieces.

Inventory:

Hand Weapons
 l - a +3 dagger of venom (weapon)
Missiles
 g - a throwing net (quivered)
Scrolls
 a - a scroll of recharging {unknown}
 d - a scroll of teleportation
 e - a scroll of fear
Potions
 f - a potion of flight
Books
 b - a book of Maledictions

   Spells                             Type                      Level
   a - Corona                         Hexes                        1
   b - Ensorcelled Hibernation        Hexes/Ice                    2
   c - Confuse                        Hexes                        3
   d - Tukima's Dance                 Hexes                        3
   e - Dazzling Spray                 Conjuration/Hexes            3
Comestibles
 c - a bread ration


   Skills:
 - Level 1.0 Short Blades
 - Level 1.7 Dodging
 + Level 3.6 Stealth
 + Level 2.6 Spellcasting
 + Level 3.2 Hexes


You had 2 spell levels left.
You knew the following spells:

 Your Spells              Type           Power        Failure   Level  Hunger
a - Confuse               Hex            ##......     16%         3    ###....
b - Ensorcelled Hibernat  Hex/Ice        #.....       16%         2    ##.....


Dungeon Overview and Level Annotations

Branches:
Dungeon (2/15)

Altars:
Makhleb
Zin


Innate Abilities, Weirdness & Mutations

Your plain brown scales are hard. (AC +5)
You cannot fit into any form of body armour.
You are cold-blooded and may be slowed by cold attacks.


Message History

You feel sick.
You kill the adder!
The kobold throws a stone.
The stone hits you.
* * * LOW HITPOINT WARNING * * *
The kobold throws a stone.
The stone hits you.
* * * LOW HITPOINT WARNING * * *
You see here a stone.
* * * LOW HITPOINT WARNING * * *
You feel sick.
Unknown command.
It was a potion of flight.
You feel very buoyant.
You fly up into the air.
* * * LOW HITPOINT WARNING * * *
You feel sick.
Unknown command.
* * * LOW HITPOINT WARNING * * *
You feel sick.
Okay, then.
You die...

.##.#.#...# #.....#
.... . .##.#.#...#
#....... #.###
.##.#...### ##.#.... .#
.[......#### #.#.....
#.####.....###.#..####
#..# #.....'...#...
...# #.....# #.#. #..#
#..########.#.## #..#
#..........@#..#
...####.########.##.##
........########.....#
#######..............##
#....#######.K#...#
#....# #....#.## #
#....# #....#..#.####
#....# ##.#(##.#....#
#....# ###.(†...#####


You could see a kobold.

Vanquished Creatures
  2 adders (D:2)
  A leopard gecko (D:2)
  4 ball pythons
  6 bats
  3 goblins
  5 hobgoblins
  4 jackals (D:2)
  2 frilled lizards (D:2)
  5 kobolds
  6 rats
38 creatures vanquished.

Notes
Turn   | Place    | Note
-------+----------+-------------------------------------------
     0 | D:1      | KristoblXynda the Draconian Enchanter began the quest for the Orb.
     0 | D:1      | Reached XP level 1. HP: 14/14 MP: 3/3
   146 | D:1      | Reached XP level 2. HP: 13/20 MP: 5/5
   667 | D:1      | Learned a level 2 spell: Ensorcelled Hibernation
   712 | D:2      | Reached XP level 3. HP: 3/26 MP: 6/6
  1006 | D:2      | Found a glowing silver altar of Zin.
  1006 | D:2      | Found a burning altar of Makhleb.
  1007 | D:2      | Noticed an Executioner
  1007 | D:2      | Noticed an angel
  1316 | D:2      | Learned a level 3 spell: Confuse
  1493 | D:2      | HP: 1/26 [poisoned by an adder]
  1498 | D:2      | Succumbed to an adder's poison

Vault maps used:
D:1:      eino_arrival_water_cross
D:2:      grunt_temple_overflow_order_and_chaos_2

Skill      XL: |  1  2 |
---------------+-------+-----
Stealth        | 3 |  3.6
Hexes          | 3 |  3.2
Short Blades   | |  1.0
Dodging        | |  1.7
Spellcasting   | |  2.6

Action                   || total
-------------------------++-------
Melee: Dagger            ||   112
       Tailslap          ||    11
  Use: Scroll            ||     5
       Potion            ||     1
 Stab: Sleeping          ||     4
  Eat: Meat ration       ||     1
Armor: Skin              ||    37
Dodge: Dodged            ||    74
